AoeStats
← 你备用金还了吗

MegaRandom

506617012Analyzed
1v1 RM · 16d ago on Sep 14, 2026· 51m 3s· 2 players
Game mode
Random Map
Map size
Tiny (2 player)
Population
200
Speed
Normal
Resources
Standard
Victory
Conquest
Starting age
Dark Age
Ending age
Imperial Age
RankedLock teamsTeams togetherTeam positionsShared explorationLock speedFull tech treeHidden civsTurbo modeCheats
Victory
Defeat
🇨🇳 Khmer · China
656
+17
🇪🇸 Huns · Spain
673
-17
你备用金还了吗
10:41 Loom
14:54 Feudal Age
20:07 Castle Age
20:53 Husbandry
24:49 Forging
26:01 Bloodlines
33:36 Arson
33:14 Pikeman
39:48 Double-Bit Axe
39:45 Horse Collar
40:21 Scale Barding Armor
46:11 Imperial Age
43:29 Town Watch
46:47 Capped Ram
47:44 Elite Battle Elephant
TigerEmperor118
7:56 Loom
10:22 Feudal Age
11:38 Wheelbarrow
11:10 Town Watch
11:53 Double-Bit Axe
13:52 Horse Collar
18:41 Castle Age
17:58 Bloodlines
17:50 Gold Mining
18:33 Fletching
18:46 Light Cavalry
20:29 Husbandry
24:34 Thumb Ring
25:36 Pikeman
26:47 Bodkin Arrow
28:25 Hand Cart
32:46 Forging
33:27 Gold Shaft Mining
33:10 Bow Saw
35:08 Iron Casting
34:44 Murder Holes
41:39 Imperial Age
39:31 Ballistics
39:48 Scale Barding Armor
41:53 Cavalier
43:28 Bracer
44:00 Parthian Tactics
43:59 Stone Mining
44:11 Heavy Plow
Connection lost

Rejoining the realm…

Still unreachable

The connection could not be restored.

Session expired

The server has moved on; the page needs a fresh start.